 Dungeon Crawl Stone Soup version 0.21-a0-538-gd16b88a (webtiles) character file.

99 slep the Ducker (level 4, 0/34 HPs)
             Began as a Merfolk Gladiator on Dec 15, 2017.
             Slain by an adder (2 damage)
             ... on level 3 of the Dungeon.
             The game lasted 00:05:19 (1414 turns).

slep the Ducker (Merfolk Gladiator)                 Turns: 1414, Time: 00:05:20

Health: 0/34       AC:  4    Str: 14    XL:     4   Next: 72%
Magic:  4/4        EV: 14    Int:  7    God:
Gold:   119        SH:  0    Dex: 16    Spells: 3/3 levels left

rFire    . . .     SeeInvis .   t - +1 hand axe (elec)
rCold    . . .     Gourm    .   (no shield)
rNeg     . . .     Faith    .   b - +0 leather armour
rPois    .         Spirit   .   c - +0 helmet
rElec    .         Reflect  .   (no cloak)
rCorr    .         Harm     .   (no gloves)
MR       .....                  (no boots)
Stlth    +.........             (no amulet)
HPRegen  0.11/turn              (no ring)
MPRegen  0.09/turn              (no ring)

@: lethally poisoned (0 -> -5)
A: change form in water, swift swim, stealthy swim
a: no special abilities


You were on level 3 of the Dungeon.
You were not hungry.

You visited 1 branch of the dungeon, and saw 3 of its levels.

You collected 119 gold pieces.

Inventory:

Hand Weapons
 a - a +0 war axe
 t - a +1 hand axe of electrocution (weapon)
Missiles
 d - 3 throwing nets (quivered)
 l - 6 curare-tipped needles
Armour
 b - a +0 leather armour (worn)
 c - a +0 helmet (worn)
Scrolls
 e - a scroll of random uselessness {unknown}
 h - a scroll of enchant armour {unknown}
 i - a scroll of teleportation {unknown}
 o - a scroll of identify {unknown}
 r - a scroll of remove curse {unknown}
Potions
 j - a potion of agility {unknown}
 k - 2 potions of brilliance {unknown}
 n - a potion of heal wounds {unknown}
 p - a potion of flight {unknown}
 s - 2 potions of berserk rage {unknown}
Comestibles
 f - 4 bread rations
 g - 3 meat rations
 m - 2 chunks of flesh
 q - a royal jelly


   Skills:
 + Level 2.5 Fighting
 + Level 3.4 Axes
 + Level 2.2 Throwing
 + Level 0.5 Armour
 + Level 4.9 Dodging
 + Level 0.6 Stealth


You had 3 spell levels left.
You didn't know any spells.

Dungeon Overview and Level Annotations

Branches:
Dungeon (3/15)

Altars:
Dithmenos
Makhleb
Trog

Annotations:
D:3 Grinder


Message History

* * * LOW HITPOINT WARNING * * *
You are more poisoned.
The adder poisons you!
You hit the adder.
The adder is lightly wounded.
* * * LOW HITPOINT WARNING * * *
You feel sick. The adder misses you. The adder bites you but does no damage.
You hit the adder.
The adder is moderately wounded.
* * * LOW HITPOINT WARNING * * *
You feel sick. The adder misses you.
You hit the adder.
The adder is heavily wounded.
The adder bites you.
* * * LOW HITPOINT WARNING * * *
You closely miss the adder.
The adder is heavily wounded.
* * * LOW HITPOINT WARNING * * *
You feel sick. The adder bites you.
You die...

.# #._.######....##
##....<.. .## #.§§#
#####. #.####.## ).##
#..§# # #.# #... .#.#
#...# #.# #### †#.#
#...# ####### ##.
.#.#####...###.....#....
..##.................##.
.........>...#.....%....
.###............@S......
.# ####.###.##...†...###
.# #.## ##.######.....
.. #. #.# #### . #. ##.#
. ## #[## #.............
#.##.#..###..# #....#


You could see an adder.

Vanquished Creatures
  A hound (D:3)
  An adder (D:2)
  An ooze (D:1)
  2 dart slugs
  A leopard gecko (D:2)
  8 orcs (D:3)
  A giant cockroach (D:1)
  4 goblins
  6 hobgoblins
  2 kobolds
  A quokka (D:2)
  A ball python (D:1)
  7 bats
  2 frilled lizards
  7 rats
45 creatures vanquished.

Notes
Turn   | Place    | Note
-------+----------+-------------------------------------------
     0 | D:1      | slep the Merfolk Gladiator began the quest for the Orb.
     0 | D:1      | Reached XP level 1. HP: 16/16 MP: 1/1
    69 | D:1      | Reached XP level 2. HP: 20/22 MP: 2/2
   495 | D:1      | Reached XP level 3. HP: 27/27 MP: 3/3
   555 | D:2      | Found a bloodstained altar of Trog.
  1152 | D:3      | Reached XP level 4. HP: 28/34 MP: 4/4
  1159 | D:3      | Found a burning altar of Makhleb.
  1282 | D:3      | Found a shadowy altar of Dithmenos.
  1370 | D:3      | Noticed Grinder
  1414 | D:3      | Slain by an adder

Vault maps used:
D:1:      wheals_arrival_shading, serial_bayou_pond_a, st_stairs_8,
          minmay_pentomino_x2
D:2:      lemuel_crystal_altar, nicolae_overflow_hidden_temple
D:3:      grunt_dithmenos_smoke, marbit_many_paths, old_standard_altar,
          lemuel_doored_altar, first_bread, minmay_misc_feat_iff,
          makhleb_blood_cavern_becter, uniq_grinder

Skill      XL: |  1  2  3 |
---------------+----------+-----
Axes           | 3 |  3.4
Fighting       | |  2.5
Throwing       | |  2.2
Armour         | |  0.5
Dodging        | |  4.9
Stealth        | |  0.6

Action                   |  1- 3 |  4- 6 || total
-------------------------+-------+-------++-------
Melee: War axe           |    99 |    34 ||   133
       Hand axe          |       |    12 ||    12
 Stab: Sleeping          |     1 |     1 ||     2
  Eat: Chunk             |     1 |     1 ||     2
Armor: Leather armour    |    26 |    10 ||    36
Dodge: Dodged            |    82 |    31 ||   113

Table legend:
 A = Spawn XP
 B = Non-spawn XP
 C = Spawn XP percentage of total XP
 D = Spawn monster count
 E = Non-spawn monster count
 F = Spawn count percentage of total count
 G = Total turns spent on level
                    A         B        C        D         E        F      G
               +---------+---------+-------+---------+---------+-------+---------
         Total |       0 |     142 |   0.0 |       0 |      45 |   0.0 |  1414
               +---------+---------+-------+---------+---------+-------+---------
           D:1 |       0 |      34 |   0.0 |       0 |      18 |   0.0 |   542
           D:2 |       0 |      28 |   0.0 |       0 |      10 |   0.0 |   552
           D:3 |       0 |      80 |   0.0 |       0 |      17 |   0.0 |   320
               +---------+---------+-------+---------+---------+-------+---------
